[Event "Early-Titled-Tuesday-Blitz-May-28-2024"]
[Site "Chess.com"]
[Date "2024.05.28"]
[Round "3"]
[White "FischerKasparow"]
[Black "ljuks68"]
[Result "0-1"]
[WhiteElo "2099"]
[BlackElo "2388"]
[TimeControl "180+1"]
[EndTime "8:28:48 PDT"]
[Termination "ljuks68 won on time"]

1. e4 e6 2. d4 d5 3. Nd2 Nf6 4. Bd3 c5 5. e5 Nfd7 6. c3 Nc6 7. Ne2 cxd4 8. cxd4 f6 9. exf6 Qxf6 10. Nf3 h6 11. O-O Bd6 12. Nc3 O-O 13. Nb5 Bb8 14. Re1 Rd8 15. Qe2 Nf8 16. Ne5 Nxe5 17. dxe5 Qh4 18. g3 Qe7 19. a3 a6 20. Nc3 Ba7 21.
Qg4 Kh8 22. h4 Bd7 23. Ne2 Bb5 24. Bb1 d4 25. Bd2 Qd7 26. b3 d3 27. Nf4 Qd4 28. Bb4 Qxf2+ 29. Kh1 Qxe1+ 30. Bxe1 d2 31. Bxd2 Rxd2 32.
Be4 Be8 33. Nxe6 Nxe6 34. Qxe6 Rf2 35. Bd5 Bh5 0-1

[Event "Early-Titled-Tuesday-Blitz-May-28-2024"]
[Site "Chess.com"]
[Date "2024.05.28"]
[Round "3"]
[White "Nechitaylo_Nikita"]
[Black "Javadovvv"]
[Result "1-0"]
[WhiteElo "2340"]
[BlackElo "2588"]
[TimeControl "180+1"]
[EndTime "8:28:51 PDT"]
[Termination "Nechitaylo_Nikita won by resignation"]

1. d4 e6 2. c4 d5 3. Nc3 a6 4. cxd5 exd5 5. Nf3 Nf6 6. Bg5 Be6 7. e3 Nbd7 8. Bd3 Bd6 9. O-O c6 10. Re1 O-O 11.
Qc2 Qc7 12. Rab1 h6 13. Bh4 Rac8 14. b4 Rfe8 15. h3 g5 16. Bg3 Bxg3 17. fxg3 Qxg3 18.
Ne2 Qd6 19. Rf1 Kg7 20. Qc3 Rc7 21. h4 g4 22. Ne5 Qe7 23. Nf4 Nf8 24. Bc2 Bc8 25.
Qd3 Qd6 26. a4 Rce7 27. b5 axb5 28. axb5 c5 29. Qc3 b6 30. Rbe1 Bb7 31. h5 Bc8 32.
Rd1 Bb7 33. Rde1 cxd4 34. exd4 Rc7 35. Qd3 Rec8 36. Bb1 Rc3 37. Qf5 Rg3 38. Nxf7 Kxf7 39. Ng6 Ne6 40. Qxf6+ Kg8 41. Rxe6 Rxg2+ 42. Kxg2 Rc2+ 43.
Bxc2 1-0

[Event "Early-Titled-Tuesday-Blitz-May-28-2024"]
[Site "Chess.com"]
[Date "2024.05.28"]
[Round "3"]
[White "PeshkaCh"]
[Black "biveklama"]
[Result "1-0"]
[WhiteElo "2883"]
[BlackElo "2628"]
[TimeControl "180+1"]
[EndTime "8:28:53 PDT"]
[Termination "PeshkaCh won by resignation"]

1. Nf3 d5 2. d4 Nf6 3. c4 c6 4. e3 Bg4 5. Bd3 e6 6. O-O Nbd7 7.
Nbd2 Bd6 8. h3 Bxf3 9. Nxf3 O-O 10. Qc2 h6 11. Bd2 Re8 12. Bc3 e5 13. dxe5 Nxe5 14.
Nxe5 Bxe5 15. Bxe5 Rxe5 16. cxd5 Rxd5 17. Bc4 Rd2 18. Qb3 Qe7 19. Rad1 Rad8 20. Rfe1 Ne4 21. Rxd2 Rxd2 22. Re2 Qd7 23. Rxd2 Qxd2 24. Bxf7+ Kf8 25. Be6 Qxf2+ 26. Kh2 Qg3+ 27. Kg1 Qf2+ 28. Kh2 Ng5 29.
Qb4+ Ke8 30. Bg4 Qxe3 31. Bh5+ g6 32. Bxg6+ Kd8 33. Qd6+ Kc8 34. Bf5+ Ne6 35. Bxe6+ 1-0

[Event "Early-Titled-Tuesday-Blitz-May-28-2024"]
[Site "Chess.com"]
[Date "2024.05.28"]
[Round "3"]
[White "el_sporco"]
[Black "scarabee43"]
[Result "0-1"]
[WhiteElo "2522"]
[BlackElo "2818"]
[TimeControl "180+1"]
[EndTime "8:28:53 PDT"]
[Termination "scarabee43 won by resignation"]

1. e4 c5 2. Nf3 Nc6 3. Bb5 e6 4. O-O Nge7 5. Re1 a6 6. Bxc6 Nxc6 7. d4 cxd4 8. Nxd4 Qb6 9. Nb3 Be7 10. Be3 Qc7 11.
c4 O-O 12. N1d2 b5 13. Rc1 b4 14. c5 a5 15. Nc4 Ba6 16. Nb6 Ra7 17. Nd4 Bf6 18. Nxc6 dxc6 19. Bd4 Rd8 20. e5 Bg5 21. Rc2 Bb5 22. Qg4 Bh6 23. b3 Qe7 24. Rd1 a4 25.
Bb2 axb3 26. axb3 Ra2 27. Rd4 Bd3 28. Rxd8+ Qxd8 29. Qd1 Bg5 30. Rd2 Bxd2 31. Qxd2 Qh4 32. h3 Be4 33. Qd4 h5 34. Bc1 Rc2 35. Qe3 Rc3 36. Qd2 Bd5 37. Nxd5 cxd5 38. c6 Rxc6 39.
Bb2 Qe4 40. Qd4 Qxd4 41. Bxd4 Rc1+ 42. Kh2 Rb1 0-1

[Event "Early-Titled-Tuesday-Blitz-May-28-2024"]
[Site "Chess.com"]
[Date "2024.05.28"]
[Round "3"]
[White "aanshnerurkar"]
[Black "ChessSwole"]
[Result "0-1"]
[WhiteElo "2491"]
[BlackElo "2706"]
[TimeControl "180+1"]
[EndTime "8:28:53 PDT"]
[Termination "ChessSwole won on time"]

1. e4 c6 2. d4 d5 3. f3 dxe4 4. fxe4 e5 5. Nf3 Bg4 6. Bc4 Nd7 7. O-O Ngf6 8. c3 Bd6 9. Nbd2 O-O 10. Bb3 b5 11. h3 Bh5 12. Bc2 Qb6 13. Kh1 Rae8 14.
Qe1 Bg6 15. a4 a6 16. a5 Qa7 17. Qd1 exd4 18. Nxd4 Nh5 19. Kg1 c5 20. N4f3 Ndf6 21.
Re1 Bg3 22. Re2 Nf4 23. Re3 N6d5 24. Nf1 Nxe3 25. Bxe3 Nh5 26. Qd5 Rc8 27. Nxg3 Nxg3 28. Bf2 Rfd8 29. Qe5 Nh5 30. g4 Re8 31. Qg5 h6 32.
Qh4 Nf4 33. Qg3 Ne2+ 34. Kg2 Nxg3 35. Kxg3 Bxe4 36. Bd3 Bxd3 0-1

[Event "Early-Titled-Tuesday-Blitz-May-28-2024"]
[Site "Chess.com"]
[Date "2024.05.28"]
[Round "3"]
[White "wonderfultime"]
[Black "Losingexperience"]
[Result "1/2-1/2"]
[WhiteElo "3023"]
[BlackElo "2768"]
[TimeControl "180+1"]
[EndTime "8:28:54 PDT"]
[Termination "Game drawn by repetition"]

1. d4 Nf6 2. Nf3 g6 3. Bg5 Bg7 4. Nbd2 d5 5. c3 O-O 6. e3 c5 7. Bd3 cxd4 8. exd4 Nc6 9. O-O Bf5 10. Bc2 Rc8 11. Bb3 Ne4 12. Bf4 Na5 13. Re1 Nxb3 14. axb3 a6 15. b4 h5 16. Nxe4 Bxe4 17. Nd2 Bf5 18. Nb3 Re8 19. Nc5 Qb6 20. Qf3 Qc6 21.
h3 Rcd8 22. Re3 b6 23. Nxa6 Bc8 24. Nc7 e5 25. Nxe8 exf4 26. b5 Qd7 27. Ree1 Rxe8 28. Rxe8+ Qxe8 29. Qxd5 Kh7 30. Qc6 Bd7 31. Qxb6 Bxb5 32.
Qc7 Bc6 33. Qxf4 Qe6 34. Ra7 Bd5 35. Ra1 Bf8 36. Qe3 Qc6 37. f3 Bd6 38. Re1 h4 39.
Qe8 Qc4 40. Qd8 Bg3 41. Re8 Qb3 42. Rh8+ Kg7 43. Rg8+ Kh7 44. Rh8+ Kg7 45. Rg8+ Kh7 46. Rh8+ 1/2-1/2

[Event "Early-Titled-Tuesday-Blitz-May-28-2024"]
[Site "Chess.com"]
[Date "2024.05.28"]
[Round "3"]
[White "Aswathchess"]
[Black "Bauman_Guy"]
[Result "0-1"]
[WhiteElo "2715"]
[BlackElo "2927"]
[TimeControl "180+1"]
[EndTime "8:28:54 PDT"]
[Termination "Bauman_Guy won by resignation"]

1. Nf3 Nf6 2. d4 d5 3. c4 e6 4. Nc3 c5 5. cxd5 Nxd5 6. e4 Nxc3 7. bxc3 cxd4 8. cxd4 Bb4+ 9. Bd2 Bxd2+ 10. Qxd2 O-O 11.
Bc4 b6 12. O-O Ba6 13. Bxa6 Nxa6 14. Rfd1 Rc8 15. h4 h6 16. g3 Qe7 17. a4 Rfd8 18. Qe2 Nb4 19. a5 Rc2 20. Rd2 Rxd2 21. Qxd2 bxa5 22.
Rxa5 Qb7 23. Kg2 Nc6 24. Rc5 Nxd4 25. Rc4 e5 26. Nxd4 Qxe4+ 27. Nf3 Qxf3+ 28. Kxf3 Rxd2 29. Rc8+ Kh7 30. Rc7 f5 31. Rxa7 e4+ 32. Ke3 Rd3+ 33. Ke2 Kg6 34. Ra5 Rf3 35. Ra7 Rb3 36. Ra5 Rf3 37.
Ra7 f4 38. Re7 fxg3 39. fxg3 Rxg3 40. Rxe4 Kh5 41. Kf2 Rg4 42. Re7 Kxh4 43. Kf3 g5 44. Re1 Rf4+ 45. Kg2 g4 46. Rh1+ Kg5 47. Rd1 h5 48.
Rd5+ Rf5 49. Rd4 h4 50. Rd2 h3+ 51. Kh2 Kh4 52. Rd8 g3+ 53. Kg1 h2+ 0-1

[Event "Early-Titled-Tuesday-Blitz-May-28-2024"]
[Site "Chess.com"]
[Date "2024.05.28"]
[Round "3"]
[White "Kirill_Klukin"]
[Black "crazy_but_lazy"]
[Result "1/2-1/2"]
[WhiteElo "2898"]
[BlackElo "2680"]
[TimeControl "180+1"]
[EndTime "8:28:55 PDT"]
[Termination "Game drawn by repetition"]

1. d4 Nf6 2. Nf3 e6 3. e3 b6 4. Bd3 Bb7 5. O-O d5 6. b3 Nbd7 7. Bb2 Bd6 8. Nbd2 O-O 9. Qe2 Ne4 10. c4 Nxd2 11. Nxd2 c5 12. cxd5 Bxd5 13. e4 Bb7 14. e5 Be7 15. Be4 Bxe4 16. Nxe4 cxd4 17. Bxd4 Rc8 18.
Rad1 Qc7 19. Nd6 Bxd6 20. exd6 Qc6 21. Qg4 e5 22. Bb2 Rfe8 23. Rc1 Qb7 24. Rfd1 Re6 25.
Rxc8+ Qxc8 26. g3 h6 27. Qe2 Qc6 28. Ba3 e4 29. Rc1 Qd5 30. Qc4 Qf5 31. Qc8+ Kh7 32. Qxd7 e3 33. fxe3 Qf3 34. Re1 Rxe3 35. Rxe3 Qxe3+ 36. Kg2 Qe2+ 37. Kh3 Qh5+ 38. Kg2 Qe2+ 39. Kg1 Qe1+ 40.
Kg2 Qe2+ 1/2-1/2

[Event "Early-Titled-Tuesday-Blitz-May-28-2024"]
[Site "Chess.com"]
[Date "2024.05.28"]
[Round "3"]
[White "Renatoforf"]
[Black "dealshark"]
[Result "1-0"]
[WhiteElo "2100"]
[BlackElo "2441"]
[TimeControl "180+1"]
[EndTime "8:28:55 PDT"]
[Termination "Renatoforf won by resignation"]

1. e4 c5 2. Nc3 Nc6 3. Nge2 Nf6 4.
g3 d6 5. Bg2 g6 6. O-O Bg7 7.
d3 O-O 8. h3 a6 9. Be3 b5 10.
e5 Nxe5 11. Bxa8 d5 12. Nf4 d4 13. Bd2 dxc3 14. Bxc3 Ned7 15. Bg2 b4 16. Bd2 e5 17. Ne2 Nb6 18. Qc1 Re8 19. Bh6 Bh8 20. Kh2 Nbd5 21.
c3 Bf5 22. Rd1 Qb6 23. Kg1 a5 24. Qd2 Nc7 25. d4 cxd4 26. cxd4 exd4 27. Nxd4 Bc8 28. Be3 Nfd5 29. Nc2 Nxe3 30. Nxe3 Ne6 31. Rac1 Ba6 32. Rc6 Qa7 33. Nd5 Nd4 34. Nc7 Rd8 35. Rxa6 Qxc7 36.
Ra8 Rxa8 37. Bxa8 Qd7 38. Kh2 Qd8 39. Bg2 Bf6 40. Rc1 Kg7 41. Qf4 Qb6 42. Qe3 Qd6 43.
Rd1 Qc5 44. b3 Qc2 45. Rd2 Qc1 46. Rxd4 Qxe3 47. fxe3 1-0

[Event "Early-Titled-Tuesday-Blitz-May-28-2024"]
[Site "Chess.com"]
[Date "2024.05.28"]
[Round "3"]
[White "Casper"]
[Black "atbenina64"]
[Result "0-1"]
[WhiteElo "2511"]
[BlackElo "2795"]
[TimeControl "180+1"]
[EndTime "8:28:56 PDT"]
[Termination "atbenina64 won by resignation"]

1. e4 c5 2. d4 cxd4 3. Qxd4 Nc6 4. Qe3 g6 5. Nc3 Bg7 6. Bd2 Nf6 7. O-O-O O-O 8. Nd5 d6 9. Bc3 Ng4 10. Qe1 Bh6+ 11. Kb1 e6 12. h3 Nge5 13. f4 Nd7 14.
Nb4 Bxf4 15. Nxc6 bxc6 16. Qf2 Be5 17. Bxe5 dxe5 18. Nf3 Qb6 19. Qxb6 axb6 20. Rd6 Nc5 21.
Bd3 Bb7 22. Nxe5 Rfd8 23. Rxd8+ Rxd8 24. Rf1 f5 25. exf5 exf5 26. Bc4+ Kg7 27. Kc1 Rd4 28.
Re1 Ne4 29. Bd3 c5 30. Nf3 Ra4 31. a3 Ra8 32. Nd2 Re8 33. Bxe4 fxe4 34. Nc4 Re6 35. Kd2 b5 36. Na5 Bd5 37. Ke3 Ra6 38. Rd1 Ba8 39. Nb3 c4 40. Nc5 Rc6 41. Rd7+ Kh6 42.
Nxe4 Re6 43. Rd4 g5 44. g3 Kg6 45. h4 Kf5 46. g4+ Kxg4 47. hxg5 Kf5 48. Rd5+ Bxd5 0-1

[Event "Early-Titled-Tuesday-Blitz-May-28-2024"]
[Site "Chess.com"]
[Date "2024.05.28"]
[Round "3"]
[White "Statham_01"]
[Black "kuchma777"]
[Result "1-0"]
[WhiteElo "2725"]
[BlackElo "2501"]
[TimeControl "180+1"]
[EndTime "8:28:56 PDT"]
[Termination "Statham_01 won by checkmate"]

1. e4 c6 2. d4 d5 3. f3 g6 4.
Nc3 Bg7 5. Be3 e6 6. Qd2 Nf6 7. e5 Nfd7 8. h4 h5 9. Nh3 c5 10. Nb5 O-O 11. c3 a6 12. Nd6 Nc6 13. g4 cxd4 14.
cxd4 Ndxe5 15. dxe5 Nxe5 16. Be2 Qxd6 17. gxh5 d4 18. Bh6 d3 19. Bxg7 Kxg7 20. Rg1 Qd4 21. f4 Rd8 22. h6+ Kh8 23. fxe5 dxe2 24. Qxd4 Rxd4 25.
Ng5 Rf4 26. Rc1 Bd7 27. Kxe2 Rf5 28. h5 Rxe5+ 29. Kd2 Rd5+ 30. Ke3 Rf8 31. Rcf1 Rf5 32. Nxf7+ R8xf7 33. hxg6 Rxf1 34. g7+ Kg8 35. h7+ Kxh7 36.
g8=Q+ Kh6 37. Qg6# 1-0

[Event "Early-Titled-Tuesday-Blitz-May-28-2024"]
[Site "Chess.com"]
[Date "2024.05.28"]
[Round "3"]
[White "ProtectiveCarrot"]
[Black "sergeikim"]
[Result "0-1"]
[WhiteElo "2429"]
[BlackElo "2610"]
[TimeControl "180+1"]
[EndTime "8:28:56 PDT"]
[Termination "sergeikim won by resignation"]

1. e4 e5 2. Nf3 Nc6 3. Bb5 a6 4. Ba4 Nf6 5. O-O b5 6. Bb3 Bc5 7. a4 Bb7 8. c3 d6 9. d4 Bb6 10. Re1 h6 11. h3 O-O 12. Be3 Re8 13. Nbd2 exd4 14. cxd4 Nb4 15. a5 Ba7 16. d5 Nd3 17. Re2 Bxe3 18. Rxe3 Nf4 19. Nd4 g6 20. Qf3 N4h5 21. Rc1 Nd7 22. g3 Rc8 23. Qe2 Qf6 24.
N2f3 Ne5 25. Nxe5 Qxe5 26. Nc6 Qf6 27. f4 Bxc6 28. Rxc6 Qd4 29. Kg2 Re7 30. e5 Ng7 31.
Re4 Qa7 32. exd6 Rxe4 33. Qxe4 Re8 34. Qc2 cxd6 35. Rxd6 Qe3 36. Rc6 Nf5 37. Rc3 Qe1 38.
Rc8 Ne3+ 39. Kf3 Nxc2 40. Rxe8+ Qxe8 41. Bxc2 0-1

[Event "Early-Titled-Tuesday-Blitz-May-28-2024"]
[Site "Chess.com"]
[Date "2024.05.28"]
[Round "3"]
[White "MarlonJodar"]
[Black "Triumphmate"]
[Result "1-0"]
[WhiteElo "2314"]
[BlackElo "2487"]
[TimeControl "180+1"]
[EndTime "8:28:56 PDT"]
[Termination "MarlonJodar won by checkmate"]

1. e4 d5 2. exd5 Nf6 3. d4 Bg4 4.
Bb5+ c6 5. dxc6 Nxc6 6. Ne2 e6 7.
O-O Be7 8. c4 O-O 9. Nbc3 a6 10.
Bxc6 bxc6 11. Be3 Rb8 12. Qd2 Qa5 13. h3 Bh5 14. Ng3 Bg6 15. f4 Rfd8 16. Kh1 c5 17.
Nd5 Nxd5 18. Qxa5 Nxe3 19. dxc5 Nxc4 20. Qc3 Nxb2 21. f5 Bf6 22. Qf3 Rd3 23. Qf4 exf5 24.
Qxb8+ Rd8 25. Qb3 h5 26. Nxf5 Rd3 27. Qb8+ Kh7 28. Rab1 Rd2 29. Qg3 Nd3 30. Rbd1 Nf2+ 31. Qxf2 Rd5 32. Rxd5 h4 33. c6 a5 34. c7 Bxf5 35.
Qxf5+ g6 36. Qxf6 Kh6 37. Qxf7 a4 38. Rd6 a3 39. Qxg6# 1-0

[Event "Early-Titled-Tuesday-Blitz-May-28-2024"]
[Site "Chess.com"]
[Date "2024.05.28"]
[Round "3"]
[White "abelmat"]
[Black "ArchibaldCerveza29"]
[Result "1-0"]
[WhiteElo "2058"]
[BlackElo "2362"]
[TimeControl "180+1"]
[EndTime "8:28:56 PDT"]
[Termination "abelmat won by checkmate"]

1. d4 d5 2. c4 e6 3. Nf3 Nf6 4. Nc3 c6 5. e3 Nbd7 6. Bd3 Bd6 7. O-O O-O 8. e4 dxe4 9. Nxe4 Nxe4 10. Bxe4 e5 11.
dxe5 Nxe5 12. Nxe5 Bxe5 13. Bxh7+ Kxh7 14. Qh5+ Kg8 15. Qxe5 Be6 16. Bg5 Qd3 17. b3 Rae8 18.
Qc7 Qd7 19. Qg3 f6 20. Rad1 Qf7 21. Bf4 Rd8 22. Bc7 Rxd1 23. Rxd1 Rc8 24. Bf4 a5 25. h4 a4 26. Rd6 axb3 27. axb3 b5 28. cxb5 cxb5 29. b4 Bc4 30. Qg4 Re8 31. Rd7 Re7 32. Rd8+ Re8 33. Rd6 Re4 34. Qg3 Qa7 35. Rd8+ Kf7 36.
Qg4 Re7 37. h5 Qb7 38. Qg6+ Ke6 39. Rd6# 1-0

[Event "Early-Titled-Tuesday-Blitz-May-28-2024"]
[Site "Chess.com"]
[Date "2024.05.28"]
[Round "3"]
[White "gabduschew"]
[Black "luachess1"]
[Result "1/2-1/2"]
[WhiteElo "2320"]
[BlackElo "1690"]
[TimeControl "180+1"]
[EndTime "8:28:56 PDT"]
[Termination "Game drawn by repetition"]

1. e4 c5 2. Nf3 e6 3. d4 cxd4 4. Nxd4 Nf6 5. Bd3 Nc6 6. Nxc6 bxc6 7. c4 d5 8. cxd5 cxd5 9. e5 Nd7 10. Bf4 Be7 11.
O-O Qb6 12. b3 Qd4 13. Be3 Qxa1 14. Qc2 d4 15. Bd2 O-O 16. Nc3 Qxf1+ 17. Kxf1 dxc3 18. Bxc3 g6 19. Be4 Rb8 20. Bd2 Ba6+ 21. Kg1 Rfc8 22.
Qd1 Nc5 23. Bb1 Bd3 24. Bh6 Bxb1 25. Qxb1 Bf8 26. Bg5 Bg7 27. f4 Nd7 28. h3 Nf8 29. Be7 Rb7 30. Bd6 Rc6 31. Qe4 Rbb6 32. Kh2 Nd7 33.
b4 Bf8 34. Bxf8 Kxf8 35. a3 Rc1 36. a4 Rbc6 37. b5 R6c4 38. Qa8+ Kg7 39. Qxa7 Nc5 40.
b6 Rxa4 41. Qe7 Rb4 42. Qf6+ Kf8 43. Qd8+ Kg7 44. Qf6+ Kf8 45. Qd8+ Kg7 46. Qf6+ 1/2-1/2

[Event "Early-Titled-Tuesday-Blitz-May-28-2024"]
[Site "Chess.com"]
[Date "2024.05.28"]
[Round "3"]
[White "Irina_Mikhaylova"]
[Black "Msb2"]
[Result "0-1"]
[WhiteElo "2340"]
[BlackElo "3045"]
[TimeControl "180+1"]
[EndTime "8:28:57 PDT"]
[Termination "Msb2 won on time"]

1. d4 d5 2. Nf3 e6 3. c4 Nf6 4. Bg5 h6 5. Bh4 Bb4+ 6. Nc3 dxc4 7. Bxf6 Qxf6 8. e4 b5 9. e5 Qg6 10. a4 Bb7 11. axb5 O-O 12. g3 Qe4+ 13. Be2 Qf5 14. O-O Nd7 15. Nh4 Qh3 16. Bf3 Bxf3 17. Qxf3 Bxc3 18.
bxc3 Nb6 19. Qg2 Qxg2+ 20. Nxg2 Nd5 21. Rfc1 Rfb8 22. Ra5 Rb7 23. Ne3 Nxe3 24. fxe3 Rab8 25. Kf2 Rxb5 26. Rxa7 Rb2+ 27. Kf3 c5 28. Ra4 cxd4 29.
cxd4 Rxh2 30. Raxc4 Rbb2 31. Rc8+ Kh7 32. R1c7 h5 33. Ke4 Kg6 34. Rf8 Rbf2 35. Re7 Rhg2 36. Kd3 Rf5 37. e4 Rf3+ 38. Kc4 Rgxg3 39. d5 Rc3+ 40. Kb4 Rb3+ 41. Kc4 Rbc3+ 42. Kb4 Rce3 43. Rfxf7 Rxe4+ 44. Kc5 Ra3 45. Rxg7+ Kh6 0-1

[Event "Early-Titled-Tuesday-Blitz-May-28-2024"]
[Site "Chess.com"]
[Date "2024.05.28"]
[Round "3"]
[White "Peng_Li-Min"]
[Black "guillembaches"]
[Result "1-0"]
[WhiteElo "2786"]
[BlackElo "2509"]
[TimeControl "180+1"]
[EndTime "8:28:57 PDT"]
[Termination "Peng_Li-Min won on time"]

1. e4 d5 2. exd5 Qxd5 3. Nc3 Qa5 4. d4 Nf6 5. Nf3 Bf5 6. Ne5 c6 7. Bc4 e6 8. g4 Bg6 9. h4 Nbd7 10. Nxd7 Nxd7 11. h5 Be4 12. O-O Bd5 13. Nxd5 cxd5 14. Bd3 Bd6 15. c3 Qc7 16. f4 g6 17. g5 O-O-O 18. h6 Kb8 19. Be3 f6 20. Kg2 Rhf8 21. Qg4 fxg5 22. fxg5 e5 23. Rxf8 Rxf8 24. Qe6 e4 25.
Bb5 Bh2 26. Qh3 Rf3 27. Qxh2 Rxe3 28. Rf1 Rf3 29. Qxc7+ Kxc7 30. Rxf3 exf3+ 31. Kxf3 Nf8 32. Bd3 Kd6 33. Kf4 Ne6+ 34. Kg4 a5 35. Bxg6 1-0

[Event "Early-Titled-Tuesday-Blitz-May-28-2024"]
[Site "Chess.com"]
[Date "2024.05.28"]
[Round "3"]
[White "HighLawView"]
[Black "Larina_Maria"]
[Result "0-1"]
[WhiteElo "2061"]
[BlackElo "2385"]
[TimeControl "180+1"]
[EndTime "8:28:57 PDT"]
[Termination "Larina_Maria won by checkmate"]

1. e4 c6 2. d4 d5 3. exd5 cxd5 4. Bd3 Nc6 5. c3 e5 6. dxe5 Nxe5 7. Qe2 Qe7 8. Bc2 Nf6 9. Bg5 Bg4 10. Qe3 Nc4 11.
Ba4+ Bd7 12. Bxd7+ Kxd7 13. Qxe7+ Bxe7 14. b3 Ne5 15.
Nd2 h6 16. Bh4 Nd3+ 17. Kf1 Rac8 18. c4 g5 19. Bg3 Bb4 20. Rd1 Nb2 21. Ke2 Nxd1 22.
Kxd1 Bxd2 23. Kxd2 dxc4 24. bxc4 Rxc4 25. Nf3 Ne4+ 26. Kd3 Nxg3 27. hxg3 Ra4 28. Nxg5 Ke7 29. Re1+ Kf6 30. Ne4+ Kg7 31. Nc3 Rd8+ 32. Kc2 Rc4 33.
Kb3 Rdc8 34. Nd5 R4c5 35. Ne7 R8c7 36. g4 Rc3+ 37. Kb2 Rc2+ 38. Kb1 Rxf2 39. Nf5+ Kf6 40. Nxh6 Kg5 41. Rh1 Rxg2 42. Rh5+ Kf4 43. Rf5+ Ke4 44. Nxf7 Rxg4 45. Nd6+ Kd3 46. Rf3+ Ke2 47. Rf6 Rd4 48. Re6+ Kd3 49. Nb5 Rb4+ 50. Ka1 Rc1# 0-1

[Event "Early-Titled-Tuesday-Blitz-May-28-2024"]
[Site "Chess.com"]
[Date "2024.05.28"]
[Round "3"]
[White "HATilay"]
[Black "DeyanKostov"]
[Result "0-1"]
[WhiteElo "2620"]
[BlackElo "2469"]
[TimeControl "180+1"]
[EndTime "8:28:59 PDT"]
[Termination "DeyanKostov won by resignation"]

1. e4 c5 2. Nf3 e6 3. d4 cxd4 4.
Nxd4 Nc6 5. Nc3 Qc7 6. Be3 a6 7. Qd2 Nf6 8. O-O-O Be7 9. f3 d6 10. g4 Nxd4 11. Qxd4 b5 12. h4 e5 13. Qd2 Be6 14. g5 Nh5 15. Nd5 Bxd5 16. Qxd5 O-O 17. Bd3 Rac8 18. Kb1 Qc6 19. Qb3 g6 20. Rc1 Rb8 21. c4 b4 22. c5 dxc5 23. Bc4 a5 24. Bd5 Qa6 25. Rhd1 a4 26. Qc4 Qxc4 27. Rxc4 Nf4 28. Bxc5 Bxc5 29. Rxc5 a3 30. Bb3 axb2 31. Rd7 Ne2 32. Rxe5 Rbd8 33. Ree7 Rxd7 34. Rxd7 Ng1 35. f4 Ne2 36. f5 Nc3+ 37. Kxb2 Nxe4 38. f6 h6 39. Rd4 Nc5 40. Rxb4 Nxb3 41. Kc3 hxg5 42. Kxb3 gxh4 43. Rxh4 Rd8 44. a4 Rd6 45. Rf4 Kh7 46.
a5 g5 47. Rb4 Rxf6 48. Rb6 Rf1 49. a6 Rb1+ 50. Kc4 Rxb6 51. a7 Ra6 52. a8=Q Rxa8 53. Kc5 Re8 54. Kd5 Re6 0-1

[Event "Early-Titled-Tuesday-Blitz-May-28-2024"]
[Site "Chess.com"]
[Date "2024.05.28"]
[Round "3"]
[White "littlepinkyboy"]
[Black "BashiqChess"]
[Result "1-0"]
[WhiteElo "2637"]
[BlackElo "2408"]
[TimeControl "180+1"]
[EndTime "8:28:59 PDT"]
[Termination "littlepinkyboy won by resignation"]

1. e4 c6 2. d4 d5 3. Nc3 dxe4 4. Nxe4 Nf6 5. Nxf6+ exf6 6. c3 Bd6 7. Bd3 O-O 8. Qc2 Re8+ 9. Ne2 h5 10. O-O h4 11. h3 Nd7 12. Be3 Nf8 13. c4 Be6 14. Rad1 Rc8 15. Rfe1 Rc7 16. c5 Be7 17. Nf4 Rd7 18.
Bc4 Bxc4 19. Qxc4 Qb8 20. d5 cxd5 21. Nxd5 Qd8 22. Nxe7+ Rexe7 23. Rxd7 Qxd7 24. Qxh4 Qd5 25. Qa4 a6 26. Rd1 Qe5 27. Qb4 Nd7 28. Rd2 Nb8 29.
Qc4 Nc6 30. b4 Qe4 31. Qxe4 Rxe4 32. a3 Re7 33. Kh2 g6 34. Kg3 Kg7 35. Rd6 Kf8 36. Kf4 Kg7 37. g4 Ne5 38. Bd4 g5+ 39. Kf5 Re8 40.
Rxf6 Nf3 41. Bc3 Kh7 42. Rxf7+ Kg8 43. Rg7+ Kf8 44. Rxb7 Rd8 45. Bf6 Rd5+ 1-0

[Event "Early-Titled-Tuesday-Blitz-May-28-2024"]
[Site "Chess.com"]
[Date "2024.05.28"]
[Round "3"]
[White "xiaopang123"]
[Black "Chesstrainer1"]
[Result "0-1"]
[WhiteElo "2293"]
[BlackElo "2506"]
[TimeControl "180+1"]
[EndTime "8:28:59 PDT"]
[Termination "Chesstrainer1 won on time"]

1. d4 Nf6 2. c4 e6 3. Nc3 Bb4 4. e3 c5 5. a3 Bxc3+ 6. bxc3 Nc6 7. Bd3 b6 8. Ne2 Ba6 9. Ng3 Na5 10. Qe2 Rc8 11.
d5 O-O 12. O-O Re8 13. e4 exd5 14. cxd5 Bxd3 15. Qxd3 c4 16. Qc2 Nb3 17. Rb1 Nxc1 18. Rbxc1 Qe7 19. Rfe1 Qxa3 20. Rcd1 Qc5 21. h3 b5 22. Nf5 Re5 23. d6 Rce8 24. Ne7+ Kh8 25. Kh2 Ng8 26. f4 Re6 27. e5 Nxe7 28. dxe7 R8xe7 29. Qe4 g6 30. Qa8+ Kg7 31. Qd8 Qb6 32. Qc8 Qc6 33.
Qb8 a6 34. Rf1 f6 0-1

[Event "Early-Titled-Tuesday-Blitz-May-28-2024"]
[Site "Chess.com"]
[Date "2024.05.28"]
[Round "3"]
[White "N_I_Chess"]
[Black "Andrii_Prydun"]
[Result "1-0"]
[WhiteElo "2228"]
[BlackElo "2404"]
[TimeControl "180+1"]
[EndTime "8:28:59 PDT"]
[Termination "N_I_Chess won by resignation"]

1. d4 Nf6 2. c4 g6 3. Nc3 Bg7 4. e4 O-O 5. f4 Ne8 6. Nf3 c6 7. Bd3 Nc7 8. O-O a6 9. a4 d6 10. Kh1 Nd7 11. Be3 Rb8 12. a5 b6 13. axb6 Rxb6 14. Qd2 Rb8 15. Bf2 Bb7 16. Bg3 Re8 17. e5 c5 18. d5 Na8 19. Rae1 Nf8 20. f5 f6 21. fxg6 hxg6 22. exd6 exd6 23. Rxe8 Qxe8 24. Bxd6 Rc8 25. Qf4 Nd7 26. Qg3 Kh7 27. Re1 Qf7 28.
Nh4 f5 29. Re6 Nf6 30. Re7 Qg8 31. Qxg6+ Kh8 32. Nxf5 Re8 33. Nxg7 Rxe7 34. Bxe7 Nh7 35. Bf6 Nxf6 36. Qxf6 Qxg7 37. Qxg7+ Kxg7 38. Ne4 Nb6 39. Nxc5 Bc8 40. b3 Kf6 41. h4 Ke5 42. h5 Kf6 43. h6 a5 44. h7 Kg7 45. Kh2 Nd7 46.
Nxd7 Bxd7 47. c5 1-0

[Event "Early-Titled-Tuesday-Blitz-May-28-2024"]
[Site "Chess.com"]
[Date "2024.05.28"]
[Round "3"]
[White "the_chess_child"]
[Black "johnathan113"]
[Result "0-1"]
[WhiteElo "2901"]
[BlackElo "2721"]
[TimeControl "180+1"]
[EndTime "8:29:00 PDT"]
[Termination "johnathan113 won by checkmate"]

1. e4 c5 2. Nf3 g6 3. d3 Bg7 4. g3 Nc6 5. Bg2 d6 6. O-O f6 7. Re1 e5 8. c3 Nge7 9. d4 O-O 10. Be3 b6 11. a4 Kh8 12. Na3 Rb8 13. d5 Na5 14. b4 Nb7 15. Nc4 Qc7 16. Rc1 Bd7 17.
Qb3 f5 18. exf5 gxf5 19. Red1 f4 20. Bd2 Bg4 21. Ng5 Nd8 22. Qc2 Ng6 23. Re1 Qe7 24.
Bxf4 Bh6 25. h4 Nxf4 26. gxf4 Rxf4 27. Re4 Bxg5 28. hxg5 Bf5 29. Qe2 Bxe4 30. Bxe4 Qxg5+ 31. Kf1 Rxe4 32. Qxe4 Qxc1+ 33. Ke2 Qf4 34. Qd3 Nf7 35. Ne3 Ng5 36. bxc5 bxc5 37. Qa6 Rb2+ 38. Kd3 Qe4# 0-1

[Event "Early-Titled-Tuesday-Blitz-May-28-2024"]
[Site "Chess.com"]
[Date "2024.05.28"]
[Round "3"]
[White "rasmussvane"]
[Black "Ginger_GM"]
[Result "1-0"]
[WhiteElo "2963"]
[BlackElo "2737"]
[TimeControl "180+1"]
[EndTime "8:29:01 PDT"]
[Termination "rasmussvane won by checkmate"]

1. e4 c5 2. Nf3 d6 3. Bb5+ Nc6 4. O-O Bd7 5. Re1 Nf6 6. c3 a6 7. Bf1 e5 8. d4 cxd4 9. cxd4 Bg4 10. d5 Nd4 11.
Be3 Nxf3+ 12. gxf3 Bd7 13. Nd2 b5 14. a4 bxa4 15. Nc4 Rb8 16. Rxa4 Bxa4 17. Qxa4+ Qd7 18. Qxa6 Be7 19. Nb6 Qb7 20. Qa4+ Kf8 21. Ba6 Qc7 22. Rc1 Qd8 23. Nc8 g5 24. b4 h6 25. b5 Kg7 26.
b6 Nd7 27. b7 Nc5 28. Bxc5 dxc5 29. Qc6 Bf6 30. d6 Qa5 31. Bc4 Qd2 32. Rf1 g4 33. Qd7 Rf8 34. Bd5 Kh8 35. Qf5 Bd8 36. fxg4 c4 37.
Qxe5+ f6 38. Qh5 c3 39. f4 Kg7 40. Ne7 Qd4+ 41. Kh1 Qd3 42. Qg6+ Kh8 43. Qxh6# 1-0

[Event "Early-Titled-Tuesday-Blitz-May-28-2024"]
[Site "Chess.com"]
[Date "2024.05.28"]
[Round "3"]
[White "xakevicius91"]
[Black "Root_21"]
[Result "0-1"]
[WhiteElo "2482"]
[BlackElo "2678"]
[TimeControl "180+1"]
[EndTime "8:29:02 PDT"]
[Termination "Root_21 won on time"]

1. e4 c5 2. Nf3 d6 3. Bc4 e6 4.
O-O Nf6 5. Re1 Be7 6. Bb3 O-O 7. c3 b5 8. d4 Bb7 9. Nbd2 cxd4 10. cxd4 Nbd7 11.
Qe2 a5 12. Bc2 Qc7 13. Bd3 b4 14. Nf1 Rfc8 15. Ng3 a4 16. Bd2 Qb6 17. e5 dxe5 18.
dxe5 Nd5 19. h4 b3 20. Ng5 Bxg5 21. hxg5 Ne7 22. axb3 axb3 23. Bc3 Ng6 24. Rxa8 Rxa8 25. Qg4 Qc6 26. Be4 Qc7 27. Bxg6 hxg6 28. Qf4 Nb6 29. Bd4 Nd5 30. Qd2 Qc2 31. Be3 Nxe3 32.
Qxe3 Qxb2 33. Kh2 Qa3 34. Rb1 Bd5 35. f3 Qa2 36. Qc1 Rb8 37. Rb2 Qa3 38. Qc3 Kh7 39.
Ne2 Rc8 40. Qd2 Qa4 41. Nf4 Bc4 42. Qe3 Qa1 0-1